 Dungeon Crawl Stone Soup version 0.20-a0-1020-g7b9e4fe (webtiles) character file.

292557 Monsterracer the Slayer (level 19, -16/297 HPs)
             Began as a Minotaur Berserker on Apr 18, 2017.
             Was the Champion of Trog.
             Killed from afar by a lich (43 damage)
             ... with a bolt of cold
             ... on level 3 of the Vaults.
             The game lasted 01:40:33 (38564 turns).

Monsterracer the Slayer (Minotaur Berserker)       Turns: 38564, Time: 01:40:34

Health: -16/297    AC: 37    Str: 32    XL:     19   Next: 99%
Magic:  20/20      EV: 23    Int: 13    God:    Trog [******]
Gold:   1651       SH: 18    Dex: 15    Spells: 18/18 levels left

rFire    + . .     SeeInvis +   d - +4 broad axe (elec)
rCold    . . .     Gourm    .   F - +3 shield of Inviolability {+Blink rC+}
rNeg     . . .     Faith    .   P - +8 plate armour "Gapleb" {Regen+}
rPois    +         Spirit   .   (helmet restricted)
rElec    +         Reflect  .   C - +2 cloak
rCorr    .         Harm     .   D - +2 pair of gloves {Dex+3}
MR       +....                  g - +2 pair of boots {run}
Stlth    ..........             (no amulet)
Regen    1.0/turn               V - ring "Olaps" {rPois EV+4 Int+9 Dex-3 SInv}
MPRegen  0.2/turn               R - ring of Siecozuxtea {Fire rElec Dex+2 SInv}

@: berserking, lethally poisoned (-16 -> -16), very quick
A: retaliatory headbutt, horns 2, mutation resistance 1, screaming 1
}: 2/15 runes: decaying, gossamer
a: Berserk, Trog's Hand, Brothers in Arms, Burn Spellbooks, Renounce Religion,
Evoke Blink


You were on level 3 of the Vaults.
You worshipped Trog.
Trog was exalted by your worship.
You were hungry.

You visited 6 branches of the dungeon, and saw 34 of its levels.
You also visited: Labyrinth and Ice Cave.

You collected 3283 gold pieces.
You spent 1632 gold pieces at shops.

Inventory:

Hand Weapons
 d - a +4 broad axe of electrocution (weapon)
 u - a +6 antimagic broad axe
Armour
 g - a +2 pair of boots of running (worn)
 C - a +2 cloak (worn)
 D - a +2 pair of gloves of dexterity (worn)
 F - the +3 shield of Inviolability (worn) {+Blink rC+}
   (You bought it in a shop on level 8 of the Dungeon)

   It protects you from cold.
   It lets you blink.
 P - the +8 plate armour "Gapleb" (worn) {Regen+}
   (You bought it in a shop on level 2 of the Orcish Mines)

   It increases your rate of regeneration.
 W - a +2 large shield
Jewellery
 R - the ring of Siecozuxtea (right hand) {Fire rElec Dex+2 SInv}
   (You found it on level 2 of the Orcish Mines)

   [ring of fire]

   It enhances your fire magic.
   It affects your dexterity (+2).
   It protects you from fire.
   It makes you vulnerable to cold.
   It insulates you from electricity.
   It lets you see invisible.
 V - the ring "Olaps" (left hand) {rPois EV+4 Int+9 Dex-3 SInv}
   (You found it on level 4 of the Spider Nest)

   [ring of evasion]

   It affects your evasion (+4).
   It affects your intelligence (+9).
   It affects your dexterity (-3).
   It protects you from poison.
   It lets you see invisible.
Wands
 l - a wand of iceblast (5/15)
 o - a wand of lightning (9/15)
 q - a wand of acid (5/15)
 y - a wand of digging (23/24)
 G - a wand of acid (6/15)
 I - a wand of iceblast (10/15)
 J - a wand of acid (12/15)
 O - a wand of iceblast (12/15)
 Q - a wand of iceblast (8/15)
Scrolls
 a - 3 scrolls of enchant armour
 f - 20 scrolls of remove curse
 i - a scroll of silence
 j - 12 scrolls of teleportation
 p - 9 scrolls of magic mapping
 t - 12 scrolls of identify
 v - 2 scrolls of fog
 E - 2 scrolls of blinking
 N - 3 scrolls of recharging
 T - 2 scrolls of fear
Potions
 e - 4 potions of mutation
 n - 2 potions of agility
 r - 4 potions of ambrosia
 s - 13 potions of curing
 w - 6 potions of might
 z - 9 potions of flight
 A - 7 potions of haste
 B - a potion of resistance
 S - 3 potions of heal wounds
Comestibles
 b - 7 chunks of flesh
 c - 11 bread rations
 h - 6 fruits
 m - 18 meat rations
 H - 41 royal jellies


   Skills:
 * Level 24.3 Fighting
 - Level 16.6(18.0) Axes
   Level 12.8(16.2) Polearms
 + Level 17.7 Armour
 + Level 16.4 Dodging
 - Level 15.0 Shields
 - Level 3.0 Evocations


You had 18 spell levels left.
You didn't know any spells.

Dungeon Overview and Level Annotations

Branches:
Dungeon (15/15)            Temple (0/1) D:5            Lair (6/6) D:8
  Swamp (4/4) Lair:3       Spider (4/4) Lair:3        Slime (0/5) Lair:5
    Orc (2/2) D:12            Elf (0/3) Orc:2        Vaults (3/5) D:13
 Depths (0/5) D:15
  Crypt: Vaults:2-3

Altars:
Dithmenos
Elyvilon
Fedhas
Gozag
Hepliaklqana
Kikubaaqudgha
Nemelex Xobeh
Qazlal
Ru
Vehumet
Xom
Zin
Beogh
Jiyva

Shops:
D:8 [   D:11 **![   D:12 (   Orc:2 ([!*   Vaults:2 *


Innate Abilities, Weirdness & Mutations

You reflexively headbutt those who attack you in melee.
You have a pair of horns on your head.
You are somewhat resistant to further mutation.
You occasionally shout uncontrollably at your foes.


Message History

You slash the tormentor!
Your plate armour "Gapleb" prevents you from hitting the green death.
You feel sick.
Unknown command.
You slash the stone giant!
You kill the stone giant!
Trog accepts your kill.
You slice the green death!!
Lightning courses through the green death!
You hit the tormentor.
Lightning courses through the tormentor!
The green death gestures at you. The poison arrow misses you.
The tormentor calls on the powers of darkness!
Your body is wracked with pain!
* * * LOW HITPOINT WARNING * * *
You feel sick.
The lich points at you and mumbles some strange words.
The bolt of cold hits you!
You die...

#.).
#########
##+#####2#
.....))
.....OLCOC
..))
......eO2O
######)##
.......p..
#.....).#
..........
#.≈≈.L≈(#
..........
#.≈%.≈≈.#
..........
#..2@2.(#
..........
#.≈≈.≈≈(#
..........
#%≈≈.≈≈(#
....
#...(...#
#########


You could see a lich (invisible), a green death and a tormentor.

Vanquished Creatures
  Mennas (Vaults:2)
  Nikola (Lair:3)
  Arachne (Spider:3)
  An Ice Fiend (IceCv)
  Rupert (D:14)
  Frances (D:13)
  Donald (Swamp:1)
  A thorn hunter (Swamp:4)
  3 ghost moths (Spider:4)
  An orc warlord (Orc:2)
  8 vault wardens
  A frost giant (Vaults:3)
  Aizul (Swamp:1)
  5 emperor scorpions
  7 ironheart preservers
  5 entropy weavers
  A ghoul (Vaults:2)
  2 very ugly things
  2 stone giants
  The ghost of claquette the Grappler, a journeyman TrMo of Uskayaw (Lair:3)
  5 spark wasps
  Snorg (D:12)
  A crystal guardian (Vaults:2)
  A deep elf death mage (Vaults:2)
  A minotaur (Lab)
  6 fire dragons
  2 vault guards
  4 yaktaur captains
  2 great orbs of eyes
  7 ogre magi
  23 hydras
  2 ice dragons (Vaults:2)
  9 alligators
  2 death knights
  A catoblepas (Lair:6)
  A queen ant (Spider:2)
  27 two-headed ogres
  11 centaur warriors
  A deep troll shaman (Lair:6)
  A queen ant (shapeshifter) (Vaults:2)
  6 death yaks (Lair:6)
  Urug (D:14)
  5 orc high priests
  Sonja (D:15)
  5 deep elf knights
  A fire crab (Swamp:4)
  A storm dragon skeleton (Vaults:2)
  3 skeletal warriors
  An unseen horror (Vaults:1)
  A spriggan druid (Swamp:3)
  4 wizards
  A shambling mangrove (Swamp:3)
  13 swamp dragons
  7 deep trolls
  2 deep elf archers
  2 phantasmal warriors
  3 necromancers
  6 deep elf magi
  19 orb spiders
  2 ironbrand convokers
  27 wolf spiders
  2 human zombies (Vaults:1)
  A stone giant zombie (D:15)
  2 lindwurms
  A harpy (shapeshifter) (Vaults:1)
  An oklob plant (Lair:6)
  A sphinx skeleton (D:15)
  7 orc sorcerers
  2 manticores
  13 orc knights
  31 ugly things
  5 cyclopes
  21 elephants
  2 moths of wrath
  Maurice (Orc:2)
  2 guardian serpents (shapeshifter)
  5 ice statues
  A frost giant skeleton (Vaults:1)
  A black mamba (shapeshifter) (Vaults:3)
  9 vault sentinels
  15 spiny frogs
  A gargoyle (D:12)
  A spiny frog (shapeshifter) (Vaults:1)
  2 torpor snails
  2 freezing wraiths
  19 yaktaurs
  8 demonic crawlers
  A spriggan skeleton (D:15)
  6 komodo dragons
  3 anaconda simulacra (IceCv)
  A redback zombie (D:15)
  6 tyrant leeches
  9 trolls
  10 ice devils (IceCv)
  30 jumping spiders
  3 meliai (Spider:3)
  A polar bear (shapeshifter) (D:15)
  5 polar bears
  A queen bee (Spider:3)
  30 slime creatures
  A sphinx simulacrum (Vaults:1)
  16 hornets
  13 blink frogs
  3 bog bodies
  7 hippogriffs
  12 dream sheep
  2 stone giant simulacra (Vaults:2)
  2 human simulacra
  A centaur simulacrum (D:15)
  2 spriggans (shapeshifter)
  7 spriggans
  2 shadows
  83 redbacks
  2 yaks (shapeshifter)
  5 wraiths
  A wyvern (D:12)
  44 tarantellas
  26 yaks
  A dire elephant simulacrum (IceCv)
  6 basilisks
  3 fire bats (Swamp:4)
  A golden eye (shapeshifter) (Vaults:1)
  A hog (shapeshifter) (Vaults:1)
  2 steam dragons (Swamp:4)
  The ghost of Malvoorn the Changer, an amateur DrTm (D:4)
  6 wargs
  A harpy simulacrum (IceCv)
  19 vampire mosquitoes
  27 swamp worms
  4 hydra simulacra (IceCv)
  An iron troll simulacrum (IceCv)
  14 insubstantial wisps
  2 acid dragons
  15 soldier ants (Spider:2)
  The ghost of mopl the Sneak, an amateur DEAs (D:3)
  13 swamp drakes
  15 water moccasins
  A deep troll skeleton (Vaults:2)
  3 human skeletons
  14 porcupines
  2 ice beasts
  42 orc warriors
  5 sky beasts
  2 black bears
  3 phantoms
  A necrophage (D:7)
  7 centaurs
  36 ogres
  11 wolves
  7 crocodiles
  A big kobold (D:10)
  16 bullfrogs
  A glowing shapeshifter simulacrum (Vaults:3)
  An elf simulacrum (Vaults:1)
  5 scorpions
  9 wights
  50 killer bees
  3 electric eels
  2 howler monkeys
  4 crimson imps
  8 jellies
  2 bullfrog zombies
  2 centaur zombies
  37 orc priests
  A gnoll shaman (D:9)
  12 hounds
  2 bullfrog skeletons
  4 centaur skeletons
  28 worker ants
  7 iguanas
  23 orc wizards
  A howler monkey zombie (D:8)
  A worker ant zombie (D:5)
  3 howler monkey skeletons
  11 adders
  7 gnolls
  3 shadow imps
  3 adder zombies
  6 oozes
  An adder skeleton (D:7)
  13 worms
  2 dart slugs
  6 leopard geckos
  129 orcs
  A ball python (D:2)
  6 giant cockroaches
  9 goblins
  8 hobgoblins
  8 jackals
  5 quokkas
  5 bats
  3 frilled lizards
  A jackal skeleton (D:8)
  6 kobolds
  A quokka skeleton (D:5)
  5 rats
  2 fungi (D:8)
  A plant (Lair:6)
1487 creatures vanquished.

Vanquished Creatures (others)
  A hydra (Swamp:4)
  A two-headed ogre (Vaults:3)
  A lindwurm (Swamp:4)
  2 orb spiders (Spider:1)
  A wolf spider (Spider:1)
  A demonic crawler (Spider:1)
  2 jumping spiders (Spider:1)
  A spriggan (Swamp:3)
  A redback (Spider:1)
  3 steam dragons (Swamp:4)
  A swamp worm (Swamp:4)
  5 swamp drakes
  A killer bee (Spider:3)
  2 orcs (D:12)
  2 briar patches (Swamp:4)
  21 fungi
  10 plants
56 creatures vanquished.

Grand Total: 1543 creatures vanquished

Notes
Turn   | Place    | Note
-------+----------+-------------------------------------------
     0 | D:1      | Monsterracer the Minotaur Berserker began the quest for the Orb.
     0 | D:1      | Reached XP level 1. HP: 19/19 MP: 0/0
   194 | D:1      | Gained mutation: You are somewhat resistant to further mutation. [potion of mutation]
   194 | D:1      | Gained mutation: You occasionally shout uncontrollably at your foes. [potion of mutation]
   289 | D:1      | Reached XP level 2. HP: 19/26 MP: 1/1
   589 | D:1      | You fall through a shaft!
   802 | D:2      | Reached skill level 5 in Axes
   908 | D:2      | Reached XP level 3. HP: 25/31 MP: 2/2
  1051 | D:2      | Reached ** piety under Trog
  1297 | D:2      | Found a hazy altar of Hepliaklqana.
  1591 | D:3      | Noticed mopl's ghost (amateur DEAs)
  1598 | D:3      | Killed mopl's ghost
  1598 | D:3      | Reached skill level 4 in Fighting
  1598 | D:3      | Reached skill level 1 in Shields
  1598 | D:3      | Reached XP level 4. HP: 40/40 MP: 3/3
  1598 | D:3      | Reached XP level 5. HP: 46/46 MP: 4/4
  2095 | D:3      | Reached XP level 6. HP: 45/53 MP: 5/5
  2495 | D:4      | Found a white marble altar of Elyvilon.
  2708 | D:4      | Noticed Malvoorn's ghost (amateur DrTm)
  2709 | D:4      | Found an ancient bone altar of Kikubaaqudgha.
  2718 | D:4      | Killed Malvoorn's ghost
  2718 | D:4      | Reached skill level 5 in Fighting
  2809 | D:4      | Reached *** piety under Trog
  2809 | D:4      | Reached XP level 7. HP: 61/61 MP: 6/6
  3508 | D:5      | Entered Level 5 of the Dungeon
  3522 | D:5      | Found a staircase to the Ecumenical Temple.
  3764 | D:5      | Reached XP level 8. HP: 53/69 MP: 7/7
  4185 | D:5      | Reached skill level 5 in Armour
  4509 | D:6      | Reached skill level 6 in Fighting
  4697 | D:6      | Reached skill level 5 in Dodging
  4850 | D:6      | Reached **** piety under Trog
  5330 | D:6      | Reached XP level 9. HP: 72/78 MP: 8/8
  5493 | D:7      | Reached skill level 7 in Fighting
  5493 | D:7      | Reached skill level 10 in Axes
  6207 | D:7      | Received a gift from Trog
  6495 | D:7      | Got an ancient trident
  6496 | D:7      | Identified the +7 trident of the Salmon {venom, rElec Dex+3} (You found it on level 7 of the Dungeon)
  6521 | D:8      | Found a staircase to the Lair.
  6721 | D:8      | Reached skill level 8 in Fighting
  6930 | D:8      | Reached XP level 10. HP: 88/88 MP: 9/9
  7083 | D:8      | Found a glowing silver altar of Zin.
  7132 | D:8      | Found Gyikush's Antique Armour Shop.
  7140 | D:8      | Bought a polished shield for 304 gold pieces
  7150 | D:8      | Identified the +3 shield of Inviolability {+Blink rC+} (You bought it in a shop on level 8 of the Dungeon)
  7263 | D:8      | Found a shadowy altar of Dithmenos.
  7263 | D:8      | Found a radiant altar of Vehumet.
  7264 | D:8      | Found a sacrificial altar of Ru.
  7503 | D:8      | Found a stormy altar of Qazlal.
  7673 | D:9      | Reached skill level 1 in Polearms
  7833 | D:9      | Reached ***** piety under Trog
  8249 | D:9      | Found a shimmering altar of Xom.
  8254 | D:9      | Found a shimmering altar of Xom.
  8269 | D:9      | Found an opulent altar of Gozag.
  8293 | D:9      | Found a shimmering altar of Xom.
  8398 | D:9      | Found a shimmering altar of Xom.
  8630 | D:10     | Entered Level 10 of the Dungeon
  8791 | D:10     | Reached skill level 5 in Shields
  8813 | D:10     | Reached skill level 5 in Polearms
  9239 | D:10     | Reached skill level 9 in Fighting
  9333 | Lair:1   | Entered Level 1 of the Lair of Beasts
  9333 | Lair:1   | Found a shimmering altar of Xom.
  9335 | Lair:1   | Received a gift from Trog
  9955 | Lair:1   | Noticed a spiny frog
  9962 | Lair:1   | Killed a spiny frog
 10354 | Lair:2   | Reached XP level 11. HP: 97/97 MP: 10/10
 10538 | Lair:2   | Received a gift from Trog
 10974 | Lair:3   | Noticed claquette's ghost (journeyman TrMo)
 11000 | Lair:3   | Killed claquette's ghost
 11080 | Lair:3   | Noticed a five-headed hydra
 11090 | Lair:3   | Killed a five-headed hydra
 11355 | Lair:3   | Reached skill level 10 in Fighting
 11399 | Lair:3   | Reached skill level 10 in Armour
 11527 | Lair:3   | Found a hole to the Spider Nest.
 11562 | Lair:3   | Received a gift from Trog
 11691 | Lair:3   | Reached XP level 12. HP: 107/107 MP: 11/11
 12005 | Lair:3   | Reached skill level 10 in Polearms
 12304 | Lair:3   | Found a staircase to the Swamp.
 12485 | Lair:4   | Reached skill level 11 in Fighting
 13360 | Lair:5   | Found a staircase to the Slime Pits.
 13360 | Lair:5   | Found a viscous altar of Jiyva.
 13396 | Lair:5   | Found a labyrinth entrance.
 13405 | Lab      | Entered a labyrinth
 13635 | Lab      | Noticed a minotaur
 13639 | Lab      | Killed a minotaur
 14040 | Lair:5   | Reached skill level 10 in Dodging
 14213 | Lair:5   | Noticed a six-headed hydra
 14224 | Lair:5   | Killed a six-headed hydra
 14324 | Lair:5   | Noticed an eight-headed hydra
 14327 | Lair:5   | Killed an eight-headed hydra
 14376 | Lair:5   | Noticed a four-headed hydra
 14383 | Lair:5   | Killed a four-headed hydra
 14551 | Lair:6   | Entered Level 6 of the Lair of Beasts
 14568 | Lair:6   | Noticed a five-headed hydra
 14580 | Lair:6   | Killed a five-headed hydra
 14580 | Lair:6   | Reached XP level 13. HP: 88/117 MP: 12/12
 14792 | Lair:6   | Reached ****** piety under Trog
 14797 | Lair:6   | Reached skill level 12 in Fighting
 15304 | Lair:6   | Reached skill level 10 in Shields
 15346 | Lair:6   | Received a gift from Trog
 15505 | Lair:6   | Reached skill level 13 in Fighting
 16104 | Lair:6   | Reached skill level 1 in Evocations
 16569 | D:11     | Found Zekhaib's Distillery.
 16609 | D:11     | Found Sedghuq's Assorted Antiques.
 17008 | D:11     | Found Axzus's Antique Armour Boutique.
 17026 | D:11     | Bought a shiny chain mail for 300 gold pieces
 17026 | D:11     | Bought a pair of glowing gloves for 300 gold pieces
 17102 | D:11     | Reached XP level 14. HP: 124/129 MP: 14/14
 17253 | D:11     | Found Qezolad's Assorted Antiques.
 17665 | D:11     | Received a gift from Trog
 17866 | D:12     | Noticed Snorg
 17873 | D:12     | Killed Snorg
 17915 | D:12     | Found Vawal's Weapon Shop.
 17915 | D:12     | Found a staircase to the Orcish Mines.
 18013 | D:12     | Found a sparkling altar of Nemelex Xobeh.
 18528 | Orc:1    | Entered Level 1 of the Orcish Mines
 18533 | Orc:1    | Received a gift from Trog
 18544 | Orc:1    | Reached skill level 14 in Fighting
 19326 | Orc:2    | Entered Level 2 of the Orcish Mines
 19338 | Orc:2    | Noticed Maurice
 19351 | Orc:2    | Killed Maurice
 19807 | Orc:2    | Found a roughly hewn altar of Beogh.
 19961 | Orc:2    | Paralysed by an orc sorcerer for 5 turns
 20160 | Orc:2    | Found Esiq's Antique Armour Emporium.
 20164 | Orc:2    | Bought a bloodstained plate armour for 728 gold pieces
 20174 | Orc:2    | Identified the +8 plate armour "Gapleb" {Regen+} (You bought it in a shop on level 2 of the Orcish Mines)
 20181 | Orc:2    | Found Ybanof's Weapon Shoppe.
 20549 | Orc:2    | Received a gift from Trog
 20639 | Orc:2    | Got a glittering turquoise ring
 20641 | Orc:2    | Identified the ring of Siecozuxtea {Fire rElec Dex+2 SInv} (You found it on level 2 of the Orcish Mines)
 20707 | Orc:2    | Found a staircase to the Elven Halls.
 20784 | Orc:2    | Noticed an orc warlord
 20820 | Orc:2    | Killed an orc warlord
 20820 | Orc:2    | Reached skill level 15 in Fighting
 21042 | Orc:2    | Found Qyesmib's Distillery.
 21124 | Orc:2    | Found a roughly hewn altar of Beogh.
 21253 | Orc:2    | Found Quufaikia's General Store.
 21583 | D:13     | Reached XP level 15. HP: 141/141 MP: 16/16
 21749 | D:13     | Received a gift from Trog
 21871 | D:13     | Found a gate to the Vaults.
 22200 | D:14     | Found a blossoming altar of Fedhas.
 22202 | D:14     | Noticed Frances
 22203 | D:14     | Noticed Urug
 22226 | D:13     | Killed Frances
 22284 | D:14     | Killed Urug
 22392 | D:14     | Noticed Rupert
 22431 | D:14     | Killed Rupert
 22431 | D:14     | Reached skill level 16 in Fighting
 22572 | D:14     | Identified a +2 pair of boots of running (You found it on level 14 of the Dungeon)
 22621 | D:14     | Paralysed by a great orb of eyes for 4 turns
 22842 | D:15     | Entered Level 15 of the Dungeon
 23120 | D:15     | Noticed Sonja
 23136 | D:15     | Killed Sonja
 23136 | D:15     | Received a gift from Trog
 23287 | D:15     | Reached skill level 17 in Fighting
 23294 | D:15     | Found a staircase to the Depths.
 23477 | D:15     | Reached skill level 18 in Fighting
 24123 | Swamp:1  | Entered Level 1 of the Swamp
 24281 | Swamp:1  | Noticed Donald
 24287 | Swamp:1  | Reached skill level 19 in Fighting
 24302 | Swamp:1  | Killed Donald
 24402 | Swamp:1  | Reached XP level 16. HP: 158/161 MP: 17/17
 24625 | Swamp:1  | Noticed Aizul
 24639 | Swamp:1  | Killed Aizul
 24639 | Swamp:1  | Reached skill level 20 in Fighting
 25676 | Swamp:2  | Received a gift from Trog
 25682 | Swamp:2  | Reached skill level 21 in Fighting
 27329 | Swamp:3  | Received a gift from Trog
 27456 | Swamp:4  | Entered Level 4 of the Swamp
 27795 | Swamp:4  | Reached skill level 22 in Fighting
 28000 | Swamp:4  | Got a decaying rune of Zot
 28132 | Swamp:4  | Noticed a thorn hunter
 28147 | Swamp:4  | Killed a thorn hunter
 28698 | Spider:1 | Entered Level 1 of the Spider Nest
 28698 | Spider:1 | Noticed Nikola
 28891 | Lair:3   | Killed Nikola
 28891 | Lair:3   | Reached XP level 17. HP: 112/176 MP: 18/18
 29069 | Spider:1 | Received a gift from Trog
 30219 | Spider:2 | Reached skill level 15 in Armour
 30300 | Spider:2 | Got an encrusted chain mail
 30311 | Spider:2 | Identified the +1 chain mail of Uriakhot {-Cast Int+4 SInv} (You found it on level 2 of the Spider Nest)
 30635 | Spider:2 | Received a gift from Trog
 30977 | Spider:3 | Found a frozen archway.
 31004 | IceCv    | Entered an ice cave
 31233 | IceCv    | Noticed an Ice Fiend
 31244 | IceCv    | Killed an Ice Fiend
 32010 | Spider:3 | Received a gift from Trog
 32063 | Spider:3 | Noticed Arachne
 32533 | Spider:3 | Killed Arachne
 33337 | Spider:4 | Entered Level 4 of the Spider Nest
 33351 | Spider:4 | Received a gift from Trog
 33414 | Spider:4 | Reached XP level 18. HP: 145/187 MP: 19/19
 33533 | Spider:4 | Got a crude lapis lazuli ring
 33571 | Spider:4 | Identified the ring "Olaps" {rPois EV+4 Int+9 Dex-3 SInv} (You found it on level 4 of the Spider Nest)
 33972 | Spider:4 | Received a gift from Trog
 34010 | Spider:4 | Reached skill level 15 in Shields
 34648 | Spider:4 | Got a gossamer rune of Zot
 34997 | Vaults:1 | Entered Level 1 of the Vaults
 35160 | Vaults:1 | Reached skill level 15 in Axes
 35250 | Vaults:1 | Reached skill level 23 in Fighting
 35261 | Vaults:1 | Reached skill level 15 in Dodging
 35459 | Vaults:1 | Received a gift from Trog
 35906 | Vaults:1 | Reached XP level 19. HP: 195/195 MP: 20/20
 36603 | Vaults:2 | Received a gift from Trog
 37051 | Vaults:2 | Received a gift from Trog
 37083 | Vaults:2 | Identified a scroll of acquirement
 37086 | Vaults:2 | Got a brightly glowing granite ring
 37088 | Vaults:2 | Identified the ring of Ulu Odur {+Fly rF+} (You acquired it on level 2 of the Vaults)
 37524 | Vaults:2 | Found Fugoss's Assorted Antiques.
 37551 | Vaults:2 | Found a sparkling altar of Nemelex Xobeh.
 37651 | Vaults:2 | Noticed Mennas
 37727 | Vaults:2 | Killed Mennas
 38372 | Vaults:3 | Reached skill level 24 in Fighting
 38458 | Vaults:3 | Received a gift from Trog
 38564 | Vaults:3 | Killed from afar by a lich

Vault maps used:
D:1:      sevenhm_arrival_forest_fort_small_3, dk_noncrumbling_3
D:2:      marbit_many_paths, minmay_domino_2
D:3:      minmay_misc_feat_diagonals
D:4:      kiku_gazebo_pond_becter, nicolae_overflow_crystal_walls, first_bread
D:5:      minmay_temple_entry_water_ring
D:8:      nicolae_qazlal_style_of_elements, zin_academy,
          nicolae_overflow_hidden_temple, due_lair_maze_entry_diamond,
          serial_shops, nicolae_shop_behind_doors
D:9:      xom_redecorated, nicolae_gozag_seed_capital, serial_curves,
          eino_curves_02, eino_curves_01, eino_curves_03, eino_curves_04
D:11:     serial_shops, nicolae_shop_crystal, nicolae_shop_behind_doors,
          nicolae_shop_overgrown_old_shop, shop
D:12:     orc_david_3, hangedman_little_slice_of_home, nemelex_altar_shiori,
          uniq_snorg
D:13:     david_vaults_5, serial_glass, glass_columns_a, glass_columns_a
D:14:     minmay_misc_feat_x, fedhas_altar_2, uniq_frances, uniq_urug,
          uniq_rupert
D:15:     gammafunk_depths_entry_grave, minmay_misc_feat_doors,
          grunt_decor_mini_mirrors, minmay_misc_feat_hallway, minmay_librarian,
          uniq_sonja
Lair:1:   basic_altar
Lair:3:   nicolae_swamp_entry_splash_gauntlet, spider_nest_entry_rubble
Lair:4:   grunt_forest_small_clearing_treed
Lair:5:   slime_altar_1, lab_entry_generic
Lair:6:   grunt_lair_end_beastmaster, minmay_lair_oklob_items
Swamp:1:  evilmike_swamp_ruin_rubble_2, uniq_aizul, uniq_donald
Swamp:2:  nicolae_swamp_triple_paths
Swamp:3:  evilmike_swamp_ruin_house_5
Swamp:4:  swamp_fiery, infiniplex_staircase_pool_2
Spider:1: uniq_nikola
Spider:2: zaba_antful_of_joy
Spider:3: special_room, portal_ice_cave_entry_ice_statue_two,
          spiders_nest_spider_trap, uniq_arachne
Spider:4: spider_rune_water, worms_lemuel
Orc:2:    pubby_orc_utopia, uniq_maurice
Vaults:1: v_misc_1, v_rooms_2, nicolae_vaults_rhombus_7,
          nicolae_vaults_display_case, vaults_mumra_hex,
          ontoclasm_vaults_shuriken, vaults_standard_mumra_x,
          nicolae_vaults_little_squares_2
Vaults:2: ontoclasm_vaults_ligature, nicolae_vaults_big_ls, v_misc_28,
          ontoclasm_vaults_decontamination, st_cells, hangedman_vaults_trim,
          v_misc_4, ontoclasm_vaults_eye, nicolae_vaults_diagonal_hallway_6,
          ontoclasm_vaults_bender, basic_altar, serial_shops,
          nicolae_shop_crystal, uniq_mennas
Vaults:3: v_pattern_1, nicolae_vaults_little_squares_1, v_misc_30, st_lines,
          v_misc_27, ontoclasm_vaults_misaligned, ontoclasm_vaults_fault,
          vaults_room_semicircle, vaults_room_fours,
          minmay_crypt_entry_nasty_monster
Lab:      labyrinth_green, labyrinth_skeletal_remains
IceCv:    ice_cave_tombish

Skill      XL: |  1  2  3  4  5  6  7  8  9 10 11 12 13 14 15 16 17 18 19 |
---------------+----------------------------------------------------------+-----
Axes           | 4 5 6 7 8 9 11 13 15 16 | 16.6
Fighting       | 4 5 6 8 9 10 11 13 15 19 22 23 24 | 24.3
Armour         | 3 4 6 7 9 10 11 12 13 14 15 16 17 | 17.7
Shields        | 1 2 3 4 5 7 9 10 12 13 14 15 | 15.0
Dodging        | 3 4 5 6 8 9 10 11 12 13 14 15 16 | 16.4
Polearms       | 6 9 11 12 | 12.8
Evocations     | 1 3 |  3.0

Action                   |  1- 3 |  4- 6 |  7- 9 | 10-12 | 13-15 | 16-18 | 19-21 || total
-------------------------+-------+-------+-------+-------+-------+-------+-------++-------
Melee: Hand axe          |    81 |    73 |   162 |       |       |       |       ||   316
       Headbutt          |     6 |    12 |    59 |   152 |   413 |   444 |   136 ||  1222
       Battleaxe         |       |       |   114 |       |       |       |       ||   114
       Trident           |       |       |    59 |   601 |  1586 |   634 |       ||  2880
       Broad axe         |       |       |       |       |       |   938 |   485 ||  1423
Invok: Berserk           |     1 |     2 |     6 |     7 |     8 |     9 |     2 ||    35
       Trog's Hand       |       |     1 |       |     1 |     1 |       |       ||     3
       Burn Spellbooks   |       |       |       |     4 |     3 |     1 |     1 ||     9
Evoke: Wand              |       |       |       |       |       |     5 |     1 ||     6
  Use: Potion            |     3 |     2 |     6 |     1 |     1 |     3 |     3 ||    19
       Scroll            |       |       |    13 |     7 |     5 |     8 |     6 ||    39
 Stab: Held in net/web   |       |       |       |     2 |       |       |       ||     2
       Confused          |       |       |       |       |       |     2 |       ||     2
  Eat: Chunk             |     2 |     5 |    15 |    24 |    41 |    40 |     9 ||   136
       Royal jelly       |       |       |     1 |       |       |       |       ||     1
       Meat ration       |       |       |     1 |       |       |       |       ||     1
       Fruit             |       |       |       |     6 |     1 |     6 |     1 ||    14
Armor: Animal skin       |     5 |       |       |       |       |       |       ||     5
       Leather armour    |    23 |    11 |     8 |       |       |       |       ||    42
       Chain mail        |       |       |   130 |   107 |    69 |       |       ||   306
       Scale mail        |       |       |       |    14 |    45 |       |       ||    59
       Plate armour      |       |       |       |       |   129 |   151 |   101 ||   381
       Swamp dragon scal |       |       |       |       |       |   259 |       ||   259
Dodge: Dodged            |    58 |    30 |   120 |   115 |   323 |   934 |   139 ||  1719
Block: Buckler           |    14 |    18 |    58 |     7 |       |       |       ||    97
       Shield            |       |       |       |   249 |   626 |  1235 |   250 ||  2360
